General information
			
			
        
        - name: BNet
 
        - type: Ladder team game (AT/RT)
 
        - host: Battle.net
 
        - saver: BEAR_AND
 
        
map: SunrockCove 
        - players: 6
 
        - length: 05:40
 
        - speed: Fast
 - version: 1.22 W3XP
 - replay type:  

 
» download(34 KB)
Players
        team 1 (loser) 
              
              
erik- (
yellow | 38 APM | 181 actions | 04:47)
              
 1 Demon Hunter 
 1 Evasion
 
                » actions 
                
                | Assign group hotkey | 25 |  | 
| Basic commands | 1 |  | 
| Build / train | 12 |  | 
| ESC pressed | 2 |  | 
| Enter build submenu | 5 |  | 
| Enter hero's abilities submenu | 1 |  | 
| Right click | 72 |  | 
| Select / deselect | 48 |  | 
| Select group hotkey | 3 |  | 
| Use ability | 12 |  | 
                181 total
 » units 
                » buildings
                
                | Altar of Elders | 1 |  | 
| Moon Well | 2 |  | 
| Ancient of War | 1 |  | 
| Hunter's Hall | 1 |  | 
                5 total
 » build order
                00:24 Altar of Elders
00:35 Moon Well
00:48 Ancient of War
02:02 Moon Well
02:53 Hunter's Hall
 
               
              
              
» 
itschafe (
blue | 25 APM | 141 actions | 05:38)
              
 1 Lich 
 1 Frost Nova
 
                » actions 
                
                | Build / train | 10 |  | 
| Enter build submenu | 8 |  | 
| Enter hero's abilities submenu | 1 |  | 
| Right click | 64 |  | 
| Select / deselect | 50 |  | 
| Use ability | 8 |  | 
                141 total
 » units 
                » buildings
                
                | Crypt | 1 |  | 
| Altar of Darkness | 1 |  | 
| Ziggurat | 4 |  | 
| Halls of the Dead | 1 |  | 
                7 total
 » build order
                01:06 Crypt
01:20 Altar of Darkness
02:42 Ziggurat
02:44 Ziggurat
02:48 Ziggurat
03:37 Ziggurat
04:32 Halls of the Dead
 
               
              
              
yenoh (
red | 63 APM | 326 actions | 05:10)
              
 1 Blademaster 
 1 Wind Walk
 
                » actions 
                
                | Assign group hotkey | 4 |  | 
| Basic commands | 1 |  | 
| Build / train | 17 |  | 
| Enter build submenu | 6 |  | 
| Enter hero's abilities submenu | 1 |  | 
| Right click | 209 |  | 
| Select / deselect | 46 |  | 
| Select group hotkey | 27 |  | 
| Use ability | 15 |  | 
                326 total
 » units 
                » upgrades
                » buildings
                
                | Altar of Storms | 1 |  | 
| Orc Burrow | 2 |  | 
| Barracks | 1 |  | 
| War Mill | 1 |  | 
                5 total
 » build order
                00:05 Altar of Storms
00:12 Orc Burrow
01:11 Barracks
01:43 Orc Burrow
03:12 War Mill
 
               team 2 (winner) 
              
              
BEAR_AND (
teal | 112 APM | 638 actions | 05:40)
              
 1 Archmage 
 1 Summon Water Elemental
 
                » actions 
                
                | Assign group hotkey | 5 |  | 
| Build / train | 21 |  | 
| Enter build submenu | 13 |  | 
| Enter hero's abilities submenu | 1 |  | 
| Right click | 359 |  | 
| Select / deselect | 88 |  | 
| Select group hotkey | 129 |  | 
| Use ability | 22 |  | 
                638 total
 » units 
                » buildings
                
                | Altar of Kings | 1 |  | 
| Farm | 3 |  | 
| Lumber Mill | 1 |  | 
| Scout Tower | 8 |  | 
| Guard Tower | 4 |  | 
                17 total
 » build order
                00:08 Altar of Kings
00:19 Farm
00:23 Farm
02:04 Farm
02:45 Lumber Mill
03:56 Scout Tower
03:57 Scout Tower
04:16 Scout Tower
04:16 Scout Tower
04:17 Scout Tower
04:18 Scout Tower
04:45 Guard Tower
04:47 Guard Tower
04:59 Guard Tower
05:08 Guard Tower
05:12 Scout Tower
05:13 Scout Tower
 
               
              
              
NADMaN (
pink | 76 APM | 433 actions | 05:39)
              
 1 Pandaren Brewmaster 
 1 Breath of Fire
 
                » actions 
                
                | Assign group hotkey | 5 |  | 
| Basic commands | 9 |  | 
| Build / train | 33 |  | 
| ESC pressed | 4 |  | 
| Enter build submenu | 11 |  | 
| Enter hero's abilities submenu | 1 |  | 
| Right click | 197 |  | 
| Select / deselect | 124 |  | 
| Select group hotkey | 31 |  | 
| Use ability | 18 |  | 
                433 total
 » units 
                » buildings
                
                | Moon Well | 3 |  | 
| Ancient of War | 4 |  | 
| Tree of Life | 1 |  | 
| Altar of Elders | 1 |  | 
| Tree of Ages | 1 |  | 
                10 total
 » build order
                00:18 Moon Well
00:36 Ancient of War
01:08 Tree of Life
01:17 Ancient of War
01:44 Ancient of War
01:58 Ancient of War
02:51 Altar of Elders
02:55 Moon Well
04:26 Moon Well
05:09 Tree of Ages
 
               
              
              
p.rower (
purple | 87 APM | 494 actions | 05:39)
              
 1 Archmage 
 1 Summon Water Elemental
 
                » actions 
                
                | Assign group hotkey | 36 |  | 
| Basic commands | 18 |  | 
| Build / train | 33 |  | 
| Enter build submenu | 17 |  | 
| Enter hero's abilities submenu | 2 |  | 
| Right click | 178 |  | 
| Select / deselect | 117 |  | 
| Select group hotkey | 69 |  | 
| Use ability | 24 |  | 
                494 total
 » units 
                » upgrades
                » buildings
                
                | Altar of Kings | 2 |  | 
| Farm | 3 |  | 
| Lumber Mill | 1 |  | 
| Scout Tower | 7 |  | 
| Guard Tower | 4 |  | 
| Arcane Tower | 2 |  | 
| Arcane Vault | 1 |  | 
                20 total
 » build order
                00:06 Altar of Kings
00:11 Altar of Kings
00:18 Farm
00:49 Lumber Mill
01:24 Farm
02:07 Farm
03:39 Scout Tower
03:41 Scout Tower
03:53 Scout Tower
04:06 Scout Tower
04:10 Scout Tower
04:23 Scout Tower
04:29 Guard Tower
04:29 Guard Tower
04:36 Arcane Tower
04:37 Arcane Tower
04:38 Scout Tower
04:47 Guard Tower
05:12 Arcane Vault
 
                Chat log
          (00:31 / Allies) NADMaN: now
(00:35 / Allies) BEAR_AND: source him
(00:57 / Allies) NADMaN: wood
(02:24 / Allies) BEAR_AND: no time for creepette today
(02:45 / Allies) p.rower: work work
(02:46 / Allies) p.rower: no time for play
(02:55 / Allies) BEAR_AND: 10sec
(04:18 / Allies) p.rower: lol
(04:50 / All) BEAR_AND: ty
(04:52 / All) BEAR_AND: for free win
(05:19 / All) BEAR_AND: bye &*yawn&*
(05:33 / All) BEAR_AND: cpome on silly beitch
(05:34 / All) BEAR_AND: GO